 Dungeon Crawl Stone Soup version 0.17-a0-1533-g2f57bce (webtiles) character file.

571064 namelastname112 the Phalangite (level 25, -11/233 HPs)
             Began as a Mottled Draconian Skald on July 15, 2015.
             Was an Initiate of Gozag.
             Killed from afar by a black draconian knight (58 damage)
             ... with a shard of ice
             ... on level 1 of the Realm of Zot on July 16, 2015.
             The game lasted 04:11:40 (91819 turns).

namelastname112 the Phalangite (DrSk)              Turns: 91819, Time: 04:11:40

Health: -11/233    AC: 24    Str: 17    XL:     25   Next: 64%
Magic:  35/35      EV: 33    Int: 19    God:    Gozag
Gold:   670        SH: 24    Dex: 26    Spells: 3 memorised, 23 levels left

rFire  . . .     SeeInvis .     Q - +3 demon trident (elec)
rCold  . . .     Clarity  +     (armour unavailable)
rNeg   . . .     SustAt   .     D - +2 large shield
rPois  .         Gourm    .     Y - +1 hat
rElec  .         Spirit   .     e - +4 cloak "Siask" {Slay+2}
rCorr  .         Warding  .     C - +1 pair of gloves
rMut   .         Stasis   .     d - +2 pair of boots {Fly}
MR     +....                    A - amulet of regeneration
Stlth  +++.......               a - ring of the Octopus King {AC+1 EV+1 Str+1 Int+1 Dex+1 Stlth+}
                                g - ring "Xylui" {Int+5 Dex+4}

@: bribing [the Realm of Zot], somewhat resistant to hostile enchantments,
fairly stealthy
A: breathe sticky flame splash, unfitting armour, clarity, sense surroundings 1,
cold-blooded, AC +12
a: Breathe Sticky Flame, Potion Petition, Call Merchant, Bribe Branch, Renounce
Religion, Evoke Flight
}: 3/15 runes: barnacled, silver, gossamer


You were on level 1 of the Realm of Zot.
You worshipped Gozag.
Gozag was noncommittal.
You were not hungry.

You visited 11 branches of the dungeon, and saw 53 of its levels.
You visited the Abyss 2 times.
You also visited: Trove and Ice Cave.

You collected 31805 gold pieces.
You spent 3589 gold pieces at shops.
You paid 27546 gold pieces to Gozag.

Inventory:

Hand weapons
 N - the +6 mace "Mofeem" {speed, *Drain rF+++ Str-2 Stlth+}
   (You found it on level 8 of the Dungeon)

   Attacks with this weapon are significantly faster.
   It affects your strength (-2).
   It renders you almost immune to fire.
   It causes draining when unequipped.
   It makes you more stealthy.
 Q - a +3 demon trident of electrocution (weapon)
Armour
 d - a +2 pair of boots of flying (worn)
 e - the +4 cloak "Siask" (worn) {Slay+2}
   (You acquired it on level 1 of the Lair of Beasts)

   It affects your accuracy and damage with ranged weapons and melee attacks
   (+2).
 C - a +1 pair of gloves (worn)
 D - a +2 large shield (worn)
 Y - a +1 hat (worn)
Rods
 b - a cursed +4 rod of inaccuracy (9/9)
   (You took it off a deep elf annihilator on level 3 of the Elven Halls)
 k - a +4 iron rod (16/16)
   (You found it on level 14 of the Dungeon)
 P - a +0 rod of the swarm (14/14)
   (You took it off an ironbrand convoker on level 5 of the Vaults)
 W - a +5 rod of destruction (12/12)
   (You found it on level 3 of the Crypt)
Jewellery
 a - a ring of the Octopus King (right hand) {AC+1 EV+1 Str+1 Int+1 Dex+1 Stlth+}
   (You found it on level 3 of the Vaults)

   [ring of stealth]

   It affects your AC (+1).
   It affects your evasion (+1).
   It affects your strength (+1).
   It affects your intelligence (+1).
   It affects your dexterity (+1).
   It makes you more stealthy.
 g - the ring "Xylui" (left hand) {Int+5 Dex+4}
   (You found it on level 6 of the Lair of Beasts)

   [ring of dexterity]

   It affects your intelligence (+5).
   It affects your dexterity (+4).
 r - the amulet "Zoelonum" {Ward rPois rF- rC++ rN+ Stlth+}
   (You bought it in a shop on level 4 of the Orcish Mines)

   [amulet of warding]

   It may prevent the melee attacks of summoned creatures.
   It makes you vulnerable to fire.
   It greatly protects you from cold.
   It protects you from poison.
   It protects you from negative energy.
   It makes you more stealthy.
 w - the ring "Deweotze" {rElec rN+ MR+}
   (You took it off a deep elf sorcerer on level 4 of the Depths)

   [ring of protection from magic]

   It insulates you from electricity.
   It protects you from negative energy.
   It affects your resistance to hostile enchantments.
 A - an amulet of regeneration (around neck)
 X - the ring "Qasiram" {rC+ MP+9 Str+3 Dex-3 SInv}
   (You found it on level 8 of the Lair of Beasts)

   [ring of dexterity]

   It affects your strength (+3).
   It affects your dexterity (-3).
   It protects you from cold.
   It affects your magic capacity (+9).
   It lets you see invisible.
Magical devices
 l - a wand of hasting (3)
 q - a wand of heal wounds (3)
 s - a wand of hasting (3)
 x - a wand of hasting (7)
 J - a wand of teleportation (2)
 O - a wand of fire (4)
 Z - a wand of digging (13)
Scrolls
 f - 9 scrolls of magic mapping
 h - 3 scrolls of summoning
 j - 9 scrolls of fog
 p - 17 scrolls of identify
 t - 20 scrolls of remove curse
 v - 17 scrolls of teleportation
 F - a scroll of blinking
 I - 7 scrolls of fear
 T - 2 scrolls of recharging
Potions
 m - 7 potions of brilliance
 n - a potion of invisibility
 z - 8 potions of might
 B - 8 potions of haste
 E - 9 potions of curing
 G - 5 potions of agility
 H - 6 potions of magic
 K - 3 potions of resistance
 M - a potion of cancellation
Books
 S - a Grand Grimoire

   Spells                             Type                      Level
   a - Monstrous Menagerie            Summoning                    6
   b - Summon Greater Demon           Summoning                    7
   c - Malign Gateway                 Summoning/Translocation      7
   d - Summon Horrible Things         Summoning                    8
Miscellaneous
 c - a lamp of fire
 o - 2 phantom mirrors
 u - a box of beasts
 L - a sack of spiders {used: 7}
 U - a lamp of fire
 V - a lamp of fire
Comestibles
 y - 4 bread rations
 R - 12 fruits


   Skills:
 + Level 20.5 Fighting
 * Level 25.9 Polearms
 + Level 18.3 Dodging
 + Level 18.2 Shields
 - Level 2.0 Spellcasting
 - Level 2.6 Charms
 + Level 17.0 Evocations


You had 23 spell levels left.
You knew the following spells:

 Your Spells              Type           Power        Failure   Level  Hunger
a - Infusion              Chrm           ##....       14%         1    #......
b - Apportation           Tloc           #.........   38%         1    #......
c - Regeneration          Chrm/Necr      #.........   78%         3    ###....


Dungeon Overview and Level Annotations

Branches:
Dungeon (15/15)            Temple (1/1) D:6            Lair (8/8) D:11
 Shoals (4/4) Lair:4       Spider (4/4) Lair:3        Slime (0/6) Lair:6
    Orc (4/4) D:11            Elf (3/3) Orc:4        Vaults (5/5) D:14
  Crypt (3/3) Vaults:2       Tomb (0/3) Crypt:3      Depths (5/5) D:15
    Zot (1/5) Depths:5

Altars:
Ashenzari
Cheibriados
Dithmenos
Elyvilon
Gozag
Kikubaaqudgha
Makhleb
Nemelex Xobeh
Okawaru
Qazlal
Ru
Sif Muna
Trog
Vehumet
Xom
Yredelemnul
Zin
The Shining One
Beogh
Lugonu

Shops:
D:7 ?   D:8 *:[   D:9 (   D:13 *   D:14 [   D:15 }(   Orc:2 *   Orc:4 ?=[=
Elf:1 [   Shoals:1 *   Shoals:3 *   Vaults:1 (   Vaults:2 (   Vaults:3 *
Vaults:4 (   Depths:2 *   Depths:3 (   Depths:4 (   Depths:5 =

Portals:
Hell: Depths:1 Depths:2 Depths:3 Depths:4 Depths:5
Abyss: Depths:1 Depths:3 Depths:4
Pandemonium: Depths:3
Ziggurat: Depths:1

Annotations:
Lair:6 exclusion: 6 oklob plants
Elf:2 3 runed doors


Innate Abilities, Weirdness & Mutations

You can spit globs of burning liquid.
You can ignite nearby creatures when you spit burning liquid.
Your weird mottled scales are hard (AC +12).
Your body does not fit into most forms of armour.
You are cold-blooded and may be slowed by cold attacks.
You possess an exceptional clarity of mind.
You passively map a small area around you.


Message History

The black draconian knight is severely wounded.
You block the black draconian knight's attack.
You puncture the black draconian knight!
The black draconian knight is almost dead.
You hit the black draconian knight but do no damage.
The black draconian knight is almost dead.
The black draconian knight mumbles some strange words.
The black draconian knight seems to speed up.
The black draconian knight blocks your attack.
Your tail-slap misses the black draconian knight.
The black draconian knight is almost dead.
The black draconian knight closely misses you.
You closely miss the black draconian knight.
The black draconian knight is almost dead.
The black draconian knight blocks your attack. x2
The black draconian knight is almost dead.
The black draconian knight points at you and mumbles some strange words.
The shard of ice hits you!
You die...
Your body crumbles into a pile of gold.

, * ##.......# $
*###........# * ,
........... # * *
, , ..........#
.###. , ,
....#....##.....,
, #....##......
*##..∩.#.......,
* #..$q#........
* #....#@........
, #...8##........
#...#*#........
#.8.# #........ *
*#..#* ##......#
..# ....### ..###
*###


You could see a black draconian knight.

Vanquished Creatures
  Mara (Shoals:3)
  2 ancient liches
  Margery (Crypt:3)
  Saint Roka (Orc:4)
  3 golden dragons (Vaults:5)
  Jory (Crypt:3)
  3 bone dragons
  A profane servitor (Crypt:3)
  3 liches
  6 tentacled monstrosities
  2 deep elf blademasters (Elf:3)
  3 quicksilver dragons
  4 deep elf master archers (Elf:3)
  3 tentacled starspawn
  7 titans (Vaults:5)
  Polyphemus (Shoals:3)
  3 octopode crushers
  7 shadow dragons
  3 sphinxes
  Frances (D:13)
  8 tengu reavers
  4 ancient champions
  3 storm dragons (Vaults:5)
  A draconian monk (Depths:5)
  2 revenants
  Ilsuiw (Shoals:4)
  A balrug (Depths:4)
  11 frost giants
  4 fire giants
  3 ghost moths (Spider:4)
  Maud (Orc:2)
  A draconian scorcher (Depths:5)
  A draconian knight (Depths:5)
  8 deep elf sorcerers
  Louise (Depths:1)
  A curse skull (Crypt:2)
  17 vault wardens
  A draconian zealot (Depths:5)
  5 emperor scorpions
  13 ironheart preservers
  8 ghouls
  3 spriggan defenders
  11 very ugly things
  2 war gargoyles (Vaults:5)
  15 stone giants
  A caustic shrike skeleton (Depths:4)
  4 vampire knights
  5 deep elf demonologists (Elf:3)
  6 deep elf annihilators (Elf:3)
  A draconian caller (Depths:5)
  A green draconian (Depths:5)
  A black draconian (Depths:5)
  2 purple draconians (Depths:5)
  Azrael (Orc:4)
  3 salamander stormcallers
  2 mottled draconians
  11 ettins
  Snorg (Orc:4)
  7 merfolk javelineers
  31 vault guards
  11 deep elf death magi
  An eidolon (Crypt:1)
  5 deep elf high priests
  3 blizzard demons
  2 death cobs (Crypt:3)
  27 yaktaur captains
  18 jiangshi
  8 merfolk impalers
  6 great orbs of eyes
  8 fire dragons
  A great orb of eyes (shapeshifter) (Vaults:5)
  10 entropy weavers
  3 rakshasas
  8 ice dragons
  2 spriggan air magi
  Erolcha (Orc:2)
  2 catoblepae
  A merfolk avatar (Shoals:2)
  5 merfolk aquamancers
  Erica (D:9)
  7 centaur warriors
  6 death knights
  7 hydras
  2 alligator snapping turtles
  4 tengu warriors
  3 satyrs (Shoals:2)
  A thrashing horror (Abyss:1)
  9 death yaks
  10 deep troll shamans
  A queen ant (Lair:3)
  9 deep troll earth magi
  7 spriggan berserkers
  11 ogre magi
  A vampire mage (Crypt:2)
  A storm dragon zombie (Crypt:2)
  Nergalle (Orc:2)
  6 orc high priests
  A fire crab (Vaults:3)
  3 sun demons
  8 ice devils
  2 shock serpents (shapeshifter)
  2 wretched stars
  5 hell knights
  An unseen horror (shapeshifter) (D:15)
  6 shadow wraiths
  32 skeletal warriors
  40 deep trolls
  A swamp dragon (shapeshifter) (Depths:3)
  5 iron trolls
  11 sea snakes
  5 large abominations
  10 deep elf summoners
  A quicksilver dragon simulacrum (Crypt:3)
  An infernal demonspawn (Depths:3)
  6 flayed ghosts
  5 giant orange brains
  8 hill giants
  4 unseen horrors
  21 deep elf knights
  2 ice statues (IceCv)
  23 deep elf conjurers
  4 spriggan druids (Depths:2)
  Pikel (D:7)
  A shadow dragon zombie (Depths:1)
  9 necromancers
  15 ironbrand convokers
  A shining eye (shapeshifter) (Vaults:3)
  5 wizards
  11 phantasmal warriors
  An iron dragon zombie (Crypt:2)
  6 hornets
  20 orb spiders
  A wolf spider zombie (D:14)
  24 harpies
  15 griffons
  A harpy (shapeshifter) (Vaults:5)
  A frost giant zombie (Crypt:2)
  A shadow dragon skeleton (Depths:4)
  8 orc knights
  61 ugly things
  27 wolf spiders
  A spectral ettin (Crypt:3)
  A fire giant zombie (Depths:1)
  8 orc sorcerers
  13 fauns
  2 hornets (shapeshifter)
  11 sirens
  2 centaur zombies
  8 water nymphs
  A mana viper (shapeshifter) (Vaults:1)
  9 cyclopes
  8 elephants
  An elephant (shapeshifter) (Depths:4)
  3 moths of wrath
  Joseph (D:9)
  12 spiny frogs
  10 manticores
  21 vault sentinels
  2 smoke demons
  2 torpor snails
  4 black mambas
  3 guardian serpents (shapeshifter)
  A rust devil (Depths:1)
  A hellion (Abyss:1)
  6 kobold demonologists
  8 komodo dragons
  35 orc warriors
  An elf skeleton (Depths:4)
  5 spectral swamp worms (Depths:5)
  2 fire drakes (shapeshifter)
  3 anaconda simulacra (IceCv)
  A death yak skeleton (Crypt:1)
  An efreet (D:14)
  A storm dragon simulacrum (Crypt:3)
  A hellwing (Depths:3)
  5 tengu conjurers
  17 freezing wraiths
  19 demonic crawlers
  A fire drake (Lair:5)
  An ancient zyme (Abyss:1)
  13 deep elf priests
  60 yaktaurs
  A harpy zombie (Crypt:2)
  4 trolls
  A jumping spider (shapeshifter) (Vaults:3)
  12 two-headed ogres
  8 blue devils
  A guardian mummy (Elf:1)
  2 polar bears
  A queen bee (D:14)
  35 merfolk
  A wind drake (Shoals:4)
  20 jumping spiders
  Prince Ribbit (D:6)
  A death drake skeleton (Crypt:1)
  A snapping turtle (shapeshifter) (Vaults:5)
  13 snapping turtles
  5 boulder beetles
  3 raiju (Abyss:1)
  A bog body (Crypt:2)
  27 slime creatures
  2 two-headed ogres (shapeshifter)
  18 trapdoor spiders
  A hornet zombie (D:15)
  7 wraiths
  2 tarantellas (shapeshifter)
  13 blink frogs
  64 redbacks
  2 small abominations
  43 flying skulls (Crypt:3)
  A spriggan skeleton (Depths:1)
  24 tarantellas
  19 spriggans
  24 water elementals
  3 redbacks (shapeshifter)
  An ice dragon skeleton (Depths:1)
  2 ynoxinuls (Abyss:1)
  4 fire elementals
  A yak (shapeshifter) (D:15)
  31 deep elf fighters
  Eustachio (D:6)
  3 dire elephant simulacra (IceCv)
  2 wyverns
  2 air elementals (Depths:2)
  5 vampires
  62 yaks
  A giant leech zombie (Crypt:1)
  10 shadows
  23 deep elf magi
  A hog (shapeshifter) (Elf:1)
  8 wargs
  A wyvern (shapeshifter) (Vaults:5)
  12 hippogriffs
  3 iron troll simulacra (IceCv)
  2 hungry ghosts
  A merfolk zombie (Crypt:3)
  17 vampire mosquitoes
  2 basilisks
  A torturous demonspawn zombie (Crypt:1)
  13 wolves
  3 hell hounds (Orc:4)
  6 porcupines
  6 soldier ants
  2 mottled dragons
  28 spiders
  A black bear (shapeshifter) (Vaults:4)
  10 water moccasins
  2 black bears
  3 ice beasts
  An eye of draining (D:10)
  2 ettin simulacra
  A blink frog zombie (Crypt:2)
  A swamp drake (shapeshifter) (Vaults:5)
  6 sky beasts
  22 boggarts
  11 wasps
  9 necrophages
  An ogre (shapeshifter) (Vaults:5)
  A manticore skeleton (Crypt:1)
  52 ogres
  21 centaurs
  A big kobold (D:11)
  28 crocodiles
  A dryad zombie (Crypt:2)
  2 elf zombies (Elf:1)
  24 giant frogs
  A wyvern skeleton (D:11)
  A gnoll sergeant (D:6)
  2 scorpions
  34 killer bees
  A water moccasin skeleton (D:5)
  A raiju skeleton (Crypt:1)
  9 electric eels
  10 wights
  6 crimson imps
  3 jellies
  6 quasits
  31 orc priests
  2 gnoll shamans (D:6)
  3 giant frog skeletons
  11 hounds
  40 worker ants
  3 centaur skeletons
  3 iron imps
  A human skeleton (Crypt:1)
  17 iguanas
  36 orc wizards
  38 sheep
  A crocodile zombie (Crypt:2)
  A demigod skeleton (Crypt:2)
  2 hound zombies
  12 adders
  70 river rats
  48 gnolls
  5 shadow imps
  2 white imps (Depths:3)
  An ufetubus (Depths:3)
  4 oozes
  2 halfling zombies
  A lava snake zombie (Crypt:1)
  5 worms
  An adder skeleton (D:7)
  An adder zombie (D:5)
  17 giant geckos
  207 orcs
  20 bats
  6 bat zombies (D:6)
  16 goblins
  17 hobgoblins
  17 jackals
  4 giant cockroaches
  A giant cockroach zombie (D:5)
  A giant gecko zombie (D:6)
  12 giant newts
  17 kobolds
  5 quokkas
  17 rats
  3 rat zombies (D:6)
  A bush (Lair:8)
  A fire vortex (Vaults:5)
  A fungus (Lair:8)
  2 starspawn tentacles
2784 creatures vanquished.

Vanquished Creatures (collateral kills)
  Arachne (Spider:4)
  A sphinx (Vaults:3)
  A revenant (Crypt:2)
  Wiglaf (Spider:4)
  An emperor scorpion (Spider:4)
  A fire dragon (Vaults:3)
  A merfolk avatar (Shoals:4)
  An ogre mage (Vaults:3)
  A flayed ghost (Vaults:3)
  An orc knight (Orc:4)
  3 orb spiders (Spider:3)
  An orc sorcerer (Orc:4)
  A wolf spider (Spider:4)
  A jumping spider (Spider:3)
  6 redbacks (Spider:3)
  A spriggan (Depths:2)
  2 tarantellas (Spider:3)
  2 orc warriors (Orc:4)
  An orc priest (Orc:4)
  An orc wizard (Orc:4)
  A plant (Shoals:4)
30 creatures vanquished.

Vanquished Creatures (others)
  3 tengu reavers (Vaults:5)
  A fire giant (Vaults:5)
  An ironheart preserver (Vaults:3)
  A deep elf high priest (Vaults:5)
  A merfolk avatar (Shoals:4)
  4 dancing weapons
  2 deep elf conjurers
  A jumping spider (Depths:3)
  A deep elf mage (Elf:2)
  A deep elf fighter (Vaults:3)
  A harpy simulacrum (Crypt:2)
  4 slaves (D:7)
  A boggart (Depths:3)
  A small abomination (Abyss:2)
  A wight (D:7)
  A crimson imp (D:7)
  A gnoll (D:7)
  A shadow imp (D:7)
  7 orcs
  A rat (D:7)
  2 bushes
  25 fungi
  6 lost souls
  12 plants
  6 starspawn tentacles
  301 starspawn tentacle segments
387 creatures vanquished.

Grand Total: 3201 creatures vanquished

Notes
Turn   | Place    | Note
--------------------------------------------------------------
     0 | D:1      | namelastname112 the Draconian Skald began the quest for the Orb.
     0 | D:1      | Reached XP level 1. HP: 17/17 MP: 3/3
   165 | D:1      | Reached XP level 2. HP: 25/25 MP: 5/5
   514 | D:1      | You fall through a shaft!
  1296 | D:2      | Reached XP level 3. HP: 20/30 MP: 6/6
  1415 | D:2      | Reached skill level 3 in Fighting
  1543 | D:2      | Found a glowing golden altar of the Shining One.
  1896 | D:3      | Reached XP level 4. HP: 36/38 MP: 7/7
  2951 | D:4      | Reached XP level 5. HP: 41/45 MP: 8/8
  2979 | D:4      | Reached skill level 4 in Polearms
  3877 | D:4      | Reached XP level 6. HP: 52/52 MP: 9/9
  4037 | D:5      | Entered Level 5 of the Dungeon
  4043 | D:5      | Noticed a wyvern
  4126 | D:5      | Reached skill level 5 in Polearms
  4138 | D:5      | HP: 2/52 [poisoned by a scorpion]
  4146 | D:5      | HP: 1/52 [poisoned by a scorpion]
  4636 | D:5      | Your scales start taking on a weird mottled colour.
  4636 | D:5      | Reached XP level 7. HP: 11/60 MP: 10/10
  5143 | D:5      | Reached skill level 6 in Polearms
  5260 | D:5      | HP: 3/60 [sky beast (6)]
  5262 | D:5      | Reached skill level 5 in Fighting
  5553 | D:5      | Killed a wyvern
  5932 | D:5      | Reached XP level 8. HP: 57/68 MP: 11/11
  5974 | D:5      | Reached skill level 7 in Polearms
  6223 | D:6      | Noticed Eustachio
  6350 | D:6      | Killed Eustachio
  6661 | D:6      | Found a white marble altar of Elyvilon.
  6677 | D:6      | Found a stormy altar of Qazlal.
  6726 | D:6      | Reached skill level 5 in Dodging
  6774 | D:6      | Reached skill level 8 in Polearms
  6868 | D:6      | Noticed Prince Ribbit
  6874 | D:6      | Killed Prince Ribbit
  6874 | D:6      | Reached skill level 1 in Shields
  7209 | D:6      | Found a staircase to the Ecumenical Temple.
  7244 | Temple   | Entered the Ecumenical Temple
  7259 | Temple   | Became a worshipper of Gozag Ym Sagoz the Greedy
  7398 | D:6      | Reached XP level 9. HP: 78/78 MP: 12/12
  7406 | D:6      | Found an ancient bone altar of Kikubaaqudgha.
  8233 | D:6      | Noticed a cyan ugly thing
  8551 | D:6      | Reached skill level 9 in Polearms
  8709 | D:7      | Found Cutzotun's Magic Scroll Shop.
  8709 | D:7      | Found a shattered altar of Ashenzari.
  8709 | D:7      | Found a bloodstained altar of Trog.
  8767 | D:7      | Found a sacrificial altar of Ru.
  8767 | D:7      | Found a sparkling altar of Nemelex Xobeh.
  8768 | D:7      | Bought a scroll of blinking for 97 gold pieces
  8775 | D:7      | Noticed Pikel
  8814 | D:7      | Killed Pikel
  9442 | D:7      | Found an iron altar of Okawaru.
  9604 | D:7      | Reached skill level 10 in Polearms
  9604 | D:7      | Reached XP level 10. HP: 67/86 MP: 13/13
 10283 | D:8      | Found Nuzuw's Antique Armour Shop.
 10291 | D:8      | Bought a pair of runed boots for 135 gold pieces
 10291 | D:8      | Bought an embroidered cloak for 135 gold pieces
 10413 | D:8      | Found a deep blue altar of Sif Muna.
 10484 | D:8      | Found Xijent's General Store.
 10718 | D:8      | Found a snail-covered altar of Cheibriados.
 10783 | D:8      | Got an ichor-stained mace
 10784 | D:8      | Identified the +6 mace "Mofeem" {speed, *Drain rF+++ Str-2 Stlth+} (You found it on level 8 of the Dungeon)
 10799 | D:8      | Found Qerosusa's Book Emporium.
 10991 | D:9      | Found Sugejunt's Weapon Shop.
 10995 | D:9      | Bought a +2 halberd of flaming for 326 gold pieces
 11032 | D:9      | Noticed Erica
 11038 | D:9      | Killed Erica
 11070 | D:9      | Reached skill level 5 in Shields
 11217 | D:9      | Reached skill level 11 in Polearms
 11388 | D:9      | Noticed Joseph
 11398 | D:9      | Killed Joseph
 11798 | D:10     | Entered Level 10 of the Dungeon
 11964 | D:10     | Noticed a hill giant
 11970 | D:10     | Killed a hill giant
 12004 | D:10     | Reached XP level 11. HP: 94/94 MP: 14/14
 12203 | D:10     | Noticed an unseen horror
 12696 | D:10     | Killed an unseen horror
 13136 | D:11     | Found a staircase to the Lair.
 13436 | D:11     | Found a staircase to the Orcish Mines.
 13508 | D:11     | Found a roughly hewn altar of Beogh.
 13617 | D:11     | Noticed a soul eater
 13623 | D:11     | Noticed an ice devil
 13749 | D:11     | Noticed a soul eater
 13749 | D:11     | Reached skill level 12 in Polearms
 14161 | D:11     | Gained mutation: You tend to lose your temper in combat. [potion of mutation]
 14161 | D:11     | Gained mutation: You heal slowly when monsters are visible. [potion of mutation]
 14240 | Lair:1   | Entered Level 1 of the Lair of Beasts
 14748 | Lair:1   | HP: 4/99 [blink frog (19)]
 15306 | Lair:1   | Reached XP level 12. HP: 106/106 MP: 15/15
 15576 | Lair:2   | Noticed a six-headed hydra
 15584 | Lair:2   | Killed a three-headed hydra
 15584 | Lair:2   | Reached skill level 10 in Fighting
 15584 | Lair:2   | Reached skill level 13 in Polearms
 17706 | Lair:3   | Reached skill level 14 in Polearms
 17905 | Lair:3   | Found a hole to the Spider Nest.
 18149 | Lair:3   | Noticed a seven-headed hydra
 18162 | Lair:3   | Killed a two-headed hydra
 18162 | Lair:3   | Reached XP level 13. HP: 59/115 MP: 16/16
 18346 | Lair:3   | Reached skill level 10 in Dodging
 19704 | Lair:4   | Found a staircase to the Shoals.
 21138 | Lair:5   | Found a glowing golden altar of the Shining One.
 21657 | Lair:6   | Found a staircase to the Slime Pits.
 21837 | Lair:6   | Got a scintillating copper ring
 21839 | Lair:6   | Identified the ring "Xylui" {Int+5 Dex+4} (You found it on level 6 of the Lair of Beasts)
 22621 | Lair:7   | Lost mutation: You tend to lose your temper in combat. [potion of cure mutation]
 22621 | Lair:7   | Lost mutation: You heal slowly when monsters are visible. [potion of cure mutation]
 22964 | Lair:7   | Reached skill level 15 in Polearms
 23828 | Lair:8   | Entered Level 8 of the Lair of Beasts
 23987 | Lair:8   | Reached skill level 1 in Evocations
 24225 | Lair:8   | Gained mutation: You possess an exceptional clarity of mind. [potion of beneficial mutation]
 24826 | Lair:8   | Reached XP level 14. HP: 125/125 MP: 17/17
 24866 | Lair:8   | HP: 6/125 [death yak (29)]
 25538 | Lair:8   | Got a translucent wooden ring
 25540 | Lair:8   | Identified the cursed ring "Qasiram" {rC+ MP+9 Str+3 Dex-3 SInv} (You found it on level 8 of the Lair of Beasts)
 25721 | Lair:5   | You fall through a shaft for 3 floors!
 26042 | Orc:1    | Entered Level 1 of the Orcish Mines
 26418 | Orc:2    | Noticed Erolcha
 26429 | Orc:2    | Killed Erolcha
 26525 | Orc:2    | Found Lyst's Assorted Antiques.
 26871 | Orc:2    | Noticed Nergalle
 26871 | Orc:2    | Noticed Maud
 26941 | Orc:2    | Killed Maud
 26941 | Orc:2    | Reached skill level 16 in Polearms
 27025 | Orc:2    | Killed Nergalle
 28249 | Orc:4    | Entered Level 4 of the Orcish Mines
 28249 | Orc:4    | Found a staircase to the Elven Halls.
 28306 | Orc:4    | Noticed Snorg
 28330 | Orc:4    | Killed Snorg
 28555 | Orc:4    | Noticed Azrael
 28576 | Orc:4    | Killed Azrael
 28783 | Orc:4    | Noticed Saint Roka
 28795 | Orc:4    | HP: 5/127 [ettin/dire flail of distortion (26)]
 29501 | D:12     | Reached skill level 5 in Evocations
 29543 | D:12     | Noticed a hill giant
 29567 | D:12     | Killed a hill giant
 29862 | D:11     | Noticed a hill giant
 29872 | D:11     | Killed a hill giant
 30175 | D:13     | Found Cataku Miak's Assorted Antiques.
 30500 | D:13     | Found a shimmering altar of Xom.
 30695 | D:13     | Noticed Frances
 30722 | D:13     | Killed Frances
 31639 | D:14     | Found Waowkix's Antique Armour Boutique.
 31647 | D:14     | Bought a pair of runed boots for 153 gold pieces
 31830 | D:14     | Reached XP level 15. HP: 134/134 MP: 19/19
 32445 | D:14     | Found a gate to the Vaults.
 32758 | D:14     | Noticed a frost giant
 32758 | D:14     | Noticed a frost giant
 32791 | D:14     | Killed a frost giant
 32800 | D:14     | Killed a frost giant
 32804 | D:14     | Reached skill level 17 in Polearms
 33024 | D:15     | Entered Level 15 of the Dungeon
 33029 | D:15     | Found Ulest's Antique Weapon Shop.
 33275 | D:15     | Found Xoumowig's Gadget Shop.
 33287 | D:15     | Found a deep blue altar of Sif Muna.
 33620 | D:15     | Found a staircase to the Depths.
 34297 | Orc:4    | Killed Saint Roka
 34740 | Orc:4    | Paralysed by an orc sorcerer for 7 turns
 34925 | Orc:4    | Found Hoewimagh's Armour Emporium.
 34925 | Orc:4    | Found Suemihon's Jewellery Shop.
 34927 | Orc:4    | Found Mote's Jewellery Shop.
 34927 | Orc:4    | Found Imeqasey's Magic Scroll Emporium.
 34935 | Orc:4    | Bought the amulet "Zoelonum" {Ward rPois rF- rC++ rN+ Stlth+} for 513 gold pieces
 34944 | Orc:4    | Bought a scroll of acquirement for 728 gold pieces
 34956 | Orc:4    | Got a distressingly furry large shield
 34967 | Orc:4    | Identified the +1 large shield of the Volcano {+Blink rPois rF- Int+4} (You acquired it on level 4 of the Orcish Mines)
 35280 | Lair:1   | Upgraded the game from 0.17-a0-1522-g6c5b4ba to 0.17-a0-1528-gfee3901
 35435 | Elf:1    | Entered Level 1 of the Elven Halls
 35556 | Elf:1    | Found a portal to a secret trove of treasure.
 35834 | Elf:1    | Found Bustange's Antique Armour Shop.
 36273 | Elf:1    | Reached XP level 16. HP: 142/145 MP: 22/22
 36284 | Elf:1    | Identified the Incunabulum of Dark Arts (You found it on level 1 of the Elven Halls)
 36352 | Elf:1    | Reached skill level 10 in Shields
 36826 | Elf:2    | Found a runed gate.
 36826 | Elf:2    | Found a runed gate.
 36833 | Elf:2    | Found a runed gate.
 36947 | Elf:2    | Reached skill level 18 in Polearms
 37093 | Elf:3    | Entered Level 3 of the Elven Halls
 38721 | Elf:3    | Cast into the Abyss (a deep elf demonologist)
 38745 | Abyss:2  | Found a corrupted altar of Lugonu.
 38831 | Abyss:2  | Noticed a tentacled starspawn
 38840 | Abyss:2  | Noticed a tentacled starspawn
 38855 | Abyss:2  | Killed a tentacled starspawn
 38954 | Elf:3    | Escaped the Abyss
 39205 | Elf:3    | Noticed a deep elf master archer
 39210 | Elf:3    | Killed a deep elf master archer
 39380 | Elf:3    | Cast into the Abyss (a deep elf sorcerer)
 39445 | Abyss:1  | Noticed a tentacled starspawn
 39467 | Abyss:1  | Killed a tentacled starspawn
 39667 | Abyss:1  | Noticed a bone dragon
 39764 | Abyss:1  | Noticed a tentacled starspawn
 39781 | Abyss:1  | Killed a tentacled starspawn
 39991 | Abyss:2  | Found a corrupted altar of Lugonu.
 40092 | Abyss:3  | Found a corrupted altar of Lugonu.
 40116 | Elf:3    | Escaped the Abyss
 40233 | Elf:3    | Noticed a deep elf master archer
 40239 | Elf:3    | Killed a deep elf master archer
 40271 | Elf:3    | Noticed a deep elf blademaster
 40290 | Elf:3    | Killed a deep elf blademaster
 40375 | Elf:3    | Noticed a deep elf blademaster
 40396 | Elf:3    | Killed a deep elf blademaster
 40589 | Elf:3    | Reached XP level 17. HP: 140/154 MP: 24/24
 41260 | Elf:3    | Noticed a deep elf master archer
 41278 | Elf:3    | Killed a deep elf master archer
 41768 | Elf:3    | Noticed a Hell Sentinel
 41771 | Elf:3    | Noticed a Brimstone Fiend
 42193 | Elf:3    | Learned a level 1 spell: Apportation
 42197 | Elf:3    | Learned a level 3 spell: Regeneration
 42203 | Elf:3    | Noticed a deep elf master archer
 42225 | Elf:3    | Killed a deep elf master archer
 42719 | Elf:3    | Identified the Incunabulum of Fiery Combat Magic (You found it on level 3 of the Elven Halls)
 42755 | Elf:3    | Reached skill level 19 in Polearms
 42769 | Elf:3    | Reached skill level 10 in Evocations
 42924 | Elf:3    | Identified the Catalogue of Beguiling
 43154 | Elf:3    | Reached skill level 15 in Fighting
 43905 | Spider:1 | Entered Level 1 of the Spider Nest
 45517 | Spider:1 | Got an ichor-stained spear
 45518 | Spider:1 | Identified the +12 spear "Xulipo" {holy, *Noise MP+9 Dex+3} (You found it on level 1 of the Spider Nest)
 47227 | Spider:3 | Noticed Arachne
 47238 | Spider:3 | Reached XP level 18. HP: 128/163 MP: 25/25
 48061 | Spider:4 | Entered Level 4 of the Spider Nest
 48200 | Spider:4 | Noticed Wiglaf
 48234 | Spider:4 | Killed Wiglaf
 48785 | Spider:4 | Killed Arachne
 50437 | Spider:4 | Reached skill level 20 in Polearms
 51335 | Spider:4 | Got a gossamer rune of Zot
 51866 | Vaults:1 | Entered Level 1 of the Vaults
 53522 | Vaults:1 | Found Yzeseil's Antique Weapon Emporium.
 54017 | Vaults:1 | Reached XP level 19. HP: 77/172 MP: 27/27
 54280 | Vaults:2 | Found Maicrum's Weapon Boutique.
 56172 | Vaults:2 | Noticed a bone dragon
 56201 | Vaults:2 | Killed a bone dragon
 56338 | Vaults:2 | Found a staircase to the Crypt.
 57127 | Vaults:3 | Reached skill level 21 in Polearms
 57708 | Vaults:3 | Found Gisteppa's General Store.
 57721 | Vaults:3 | Found Cunnicuv's Food Boutique.
 57753 | Vaults:3 | Reached XP level 20. HP: 144/183 MP: 29/29
 57796 | Vaults:3 | Bought a meat ration for 50 gold pieces
 57796 | Vaults:3 | Bought a beef jerky for 15 gold pieces
 57796 | Vaults:3 | Bought a beef jerky for 15 gold pieces
 57796 | Vaults:3 | Bought a beef jerky for 15 gold pieces
 57796 | Vaults:3 | Bought a beef jerky for 15 gold pieces
 57796 | Vaults:3 | Bought a meat ration for 50 gold pieces
 57820 | Vaults:3 | Bought a meat ration for 50 gold pieces
 57898 | Vaults:3 | Gained mutation: You passively map a small area around you. [helix card]
 57974 | Vaults:3 | Got a ring of the Octopus King
 57975 | Vaults:3 | Identified a ring of the Octopus King {AC+1 EV+1 Str+1 Int+1 Dex+1 Stlth+} (You found it on level 3 of the Vaults)
 58533 | Vaults:3 | Reached skill level 15 in Dodging
 58851 | Vaults:4 | Found Poypt's Food Emporium.
 58961 | Vaults:4 | Bought a bread ration for 70 gold pieces
 58961 | Vaults:4 | Bought a bread ration for 70 gold pieces
 58961 | Vaults:4 | Bought a fruit for 21 gold pieces
 58961 | Vaults:4 | Bought a bread ration for 70 gold pieces
 58961 | Vaults:4 | Bought a bread ration for 70 gold pieces
 58961 | Vaults:4 | Bought a meat ration for 70 gold pieces
 58961 | Vaults:4 | Bought a meat ration for 70 gold pieces
 58961 | Vaults:4 | Bought a meat ration for 70 gold pieces
 58961 | Vaults:4 | Bought a meat ration for 70 gold pieces
 58961 | Vaults:4 | Bought 3 fruits for 63 gold pieces
 58961 | Vaults:4 | Bought a bread ration for 70 gold pieces
 62042 | Vaults:4 | Found Ygaol's Antique Weapon Boutique.
 62418 | Depths:1 | Entered Level 1 of the Depths
 62440 | Depths:1 | Reached skill level 22 in Polearms
 63273 | Depths:1 | Reached XP level 21. HP: 180/191 MP: 31/31
 63385 | Depths:1 | Noticed Louise
 63589 | Depths:1 | Found a one-way gate to the infinite horrors of the Abyss.
 63616 | Depths:1 | Killed Louise
 63814 | Depths:1 | Found a gateway to a ziggurat.
 64351 | Depths:1 | Found a gateway to Hell.
 65626 | Depths:2 | Reached skill level 15 in Shields
 66335 | Depths:2 | HP: 9/193 [iron troll (12)]
 66808 | Depths:2 | Found Ackim's Assorted Antiques.
 67766 | Depths:3 | HP: 9/193 [something/blast of rock fragments[a boggart] (37)]
 68078 | Depths:3 | Found Temos's Antique Weapon Emporium.
 68306 | Depths:3 | Found a one-way gate leading to the halls of Pandemonium.
 70444 | Depths:4 | Reached XP level 22. HP: 153/202 MP: 32/32
 70991 | Depths:4 | Got a heavily runed pewter ring
 70992 | Depths:4 | Identified the ring "Deweotze" {rElec rN+ MR+} (You took it off a deep elf sorcerer on level 4 of the Depths)
 71269 | Depths:4 | Reached skill level 23 in Polearms
 71493 | Depths:5 | Entered Level 5 of the Depths
 71502 | Depths:5 | Found Keleoh's Jewellery Boutique.
 71652 | Depths:5 | Found a shattered altar of Ashenzari.
 72535 | Shoals:1 | Entered Level 1 of the Shoals
 72535 | Shoals:1 | Found Ebaewnov's General Store.
 73278 | Shoals:2 | Found a frozen archway.
 73317 | IceCv    | Entered an ice cave
 74923 | Shoals:3 | Noticed Mara
 74948 | Shoals:3 | Killed Mara
 75120 | Shoals:3 | Noticed Polyphemus
 75155 | Shoals:3 | Killed Polyphemus
 75415 | Shoals:4 | Entered Level 4 of the Shoals
 75424 | Shoals:4 | Noticed Ilsuiw
 75925 | Shoals:4 | HP: 10/204 [poisoned by a merfolk impaler]
 75930 | Shoals:3 | HP: 7/204 [poisoned by a merfolk impaler]
 75935 | Shoals:3 | HP: 6/204 [poisoned by a merfolk impaler]
 75941 | Shoals:3 | HP: 7/204 [poisoned by a merfolk impaler]
 75948 | Shoals:3 | HP: 10/204 [poisoned by a merfolk impaler]
 76472 | Shoals:4 | Killed Ilsuiw
 76679 | Shoals:4 | Reached XP level 23. HP: 135/211 MP: 34/34
 76965 | Shoals:4 | Reached skill level 15 in Evocations
 77374 | Shoals:4 | Got a barnacled rune of Zot
 77758 | Orc:2    | Bought a scroll of enchant weapon for 172 gold pieces
 78143 | Elf:1    | You paid a toll of a +5 demon trident to enter a treasure trove
 78144 | Trove    | Entered a treasure trove
 78737 | Crypt:1  | Entered Level 1 of the Crypt
 80150 | Crypt:2  | Reached skill level 24 in Polearms
 80944 | Crypt:2  | Got a transparent tin ring
 80945 | Crypt:2  | Identified the ring "Perumoi" {MP+9 EV+1 Int+3} (You found it on level 2 of the Crypt)
 81215 | Crypt:3  | Entered Level 3 of the Crypt
 81344 | Crypt:3  | Noticed Jory
 81372 | Crypt:3  | Killed Jory
 81558 | Crypt:3  | Noticed Margery
 81609 | Crypt:3  | Killed Margery
 82007 | Crypt:3  | Found a basalt altar of Yredelemnul.
 82809 | Crypt:3  | Identified a +5 rod of destruction (12/12) (You found it on level 3 of the Crypt)
 83215 | Crypt:3  | Reached XP level 24. HP: 218/221 MP: 34/34
 83690 | Crypt:3  | Identified the Reference Book on Helpful Necromancy (You found it on level 3 of the Crypt)
 83749 | Crypt:3  | Found a staircase to the Tomb.
 83749 | Crypt:3  | Noticed an ancient lich
 83766 | Crypt:3  | Killed an ancient lich
 83863 | Crypt:3  | Identified a cursed +4 rod of inaccuracy (9/9) (You took it off a deep elf annihilator on level 3 of the Elven Halls)
 84743 | Vaults:5 | Entered Level 5 of the Vaults
 84743 | Vaults:5 | Noticed an ancient lich
 85741 | Vaults:5 | Reached skill level 25 in Polearms
 85768 | Vaults:5 | Killed an ancient lich
 86603 | Vaults:5 | Bought a beef jerky for 21 gold pieces
 86603 | Vaults:5 | Bought a beef jerky for 21 gold pieces
 86603 | Vaults:5 | Bought a beef jerky for 21 gold pieces
 86603 | Vaults:5 | Bought a royal jelly for 28 gold pieces
 86603 | Vaults:5 | Bought a beef jerky for 21 gold pieces
 86603 | Vaults:5 | Bought a meat ration for 70 gold pieces
 86603 | Vaults:5 | Bought 3 fruits for 63 gold pieces
 86603 | Vaults:5 | Bought a meat ration for 70 gold pieces
 86603 | Vaults:5 | Bought a slice of pizza for 21 gold pieces
 86603 | Vaults:5 | Bought a bread ration for 70 gold pieces
 87556 | Vaults:5 | Reached XP level 25. HP: 108/231 MP: 35/35
 89135 | Vaults:5 | Got a silver rune of Zot
 89550 | Vaults:5 | Upgraded the game from 0.17-a0-1528-gfee3901 to 0.17-a0-1533-g2f57bce
 89927 | Lair:1   | Got an ichor-stained cloak
 89938 | Lair:1   | Identified the +4 cloak "Siask" {Slay+2} (You acquired it on level 1 of the Lair of Beasts)
 91097 | Depths:5 | Found a gate to the Realm of Zot.
 91451 | Zot:1    | Entered Level 1 of the Realm of Zot
 91819 | Zot:1    | Killed from afar by a black draconian knight

Vault maps used:
D:1:      co_arrival_square_in_a_square_in_a_square, serial_park_tiny_1,
          amethyst_killhole
D:2:      tso_metal_star, first_bread, kennysheep_generic_room_6
D:3:      fedhas_altar_1, kennysheep_another_room
D:4:      minivault_24
D:6:      lemuel_castle_with_subvaults, lemuel_zombie_altar_kikubaaqudgha,
          grunt_qazlal_sundering, nicolae_overflow_crystal_walls,
          minmay_temple_entry_mist, uniq_eustachio, uniq_prince_ribbit1
D:7:      kennysheep_mini_moat, grunt_temple_overflow_open, serial_shops, shop,
          uniq_pikel
D:8:      lemuel_doored_altar, slow_altar_1, serial_shops,
          nicolae_shop_behind_doors, shop, shop
D:9:      hangedman_pestilent_swarm, uniq_erica, uniq_joseph
D:11:     lair_0_dummy, minmay_orc_entry_temple_small, nrook_loot_triangle
D:13:     basic_altar, uniq_frances
D:14:     david_vaults_5, special_room, kennysheep_flooded_box, wad_scary_box
D:15:     gammafunk_enter_depths_forms, basic_altar, serial_shops,
          nicolae_shop_statue_plus, minmay_misc_feat_ornament, dk_noncrumbling_4
Temple:   corrupted_temple
Lair:2:   lemuel_reptile_caves, minivault_27, grunt_megastairs_3
Lair:3:   statuecave_lemuel, spider_nest_entry_webs, zaba_antful_of_joy,
          infiniplex_staircase_pool
Lair:4:   minmay_shoals_entry_hut
Lair:5:   serial_bayou_pond_b, lemuel_centaur_altar, infiniplex_staircase_pool_2
Lair:6:   minmay_slime_entry_oklob_open, dpeg_oklob_1
Lair:7:   serial_bayou_pond_a
Lair:8:   grunt_lair_end_beastmaster, bh_autumn_forest_stairs,
          lemuel_fruit_tree, lemuel_fruit_fields, lemuel_fruit_fields,
          serial_bayou_shore_b
Shoals:1: serial_shops, shop
Shoals:2: portal_ice_cave_entry_pillars_02
Shoals:3: uniq_polyphemus, uniq_mara
Shoals:4: shoals_end_simple, shoal_ilsuiw
Spider:1: spider_trap
Spider:2: spider_trap
Spider:3: nicolae_orb_island, uniq_arachne
Spider:4: guppyfry_spider_rune, spider_trap, uniq_wiglaf
Orc:2:    serial_shops, shop, nicolae_orc_tapped_out, uniq_maurice,
          uniq_nergalle, uniq_erolcha, uniq_maud, uniq_rupert
Orc:3:    nicolae_orc_pool_cavern, mines_bat_river
Orc:4:    grunt_orc_tribal_feast, uniq_saint_roka, uniq_azrael, uniq_snorg
Elf:1:    serial_sigils, serial_sigils_hangedman_quiver,
          serial_sigils_hangedman_clutch, serial_sigils_hangedman_scar,
          serial_sigils_hangedman_scratch, serial_sigils_hangedman_gnaw,
          nicolae_trove_entry_path_of_doom, serial_shops,
          nicolae_shop_statue_plus, minmay_elf_necromancy
Elf:3:    minmay_elf_hall_circle
Vaults:1: hangedman_vaults_maws, v_rooms_4, hangedman_vaults_maws, v_misc_17,
          v_misc_24, v_misc_31, v_alt_pattern_4, sword_in_stone,
          nicolae_vaults_three_branches, hangedman_vaults_corner_blocks
Vaults:2: hangedman_vaults_stagger, hangedman_vaults_snaps, v_misc_17,
          v_rooms_4, ontoclasm_vaults_tryst, vaults_room_boxed,
          ontoclasm_vaults_eye, minmay_crypt_entry_nasty_monster, v_misc_26,
          nicolae_vaults_circle_grid_b
Vaults:3: v_alt_pattern_3, v_pattern_1, dpeg_vaults_monster_row,
          ontoclasm_vaults_loading_screen, nicolae_vaults_minivaults,
          nicolae_vaults_stairing_the_circle, hangedman_vaults_trim,
          nicolae_vaults_yaktaur_gun_rack, ontoclasm_vaults_chip,
          nicolae_vaults_circle_grid_b, serial_shops, shop
Vaults:4: hangedman_vaults_stretched_pinwheel, hangedman_vaults_capsules,
          vaults_room_fours, v_misc_10, hangedman_vaults_slice, v_alt_pattern_3,
          nicolae_vaults_mini_display_case, vaults_room_octagon,
          ontoclasm_vaults_claustrophobia,
          nicolae_vaults_windows_and_doors_thing, v_misc_19, v_misc_24,
          serial_shops, shop
Crypt:3:  grunt_crypt_end_deaths_head, uniq_margery, uniq_jory
Depths:1: enter_ziggurat_f, nicolae_abyss_entry_one_way_or_another, hex_medium,
          grunt_hell_entry_dis_old, minmay_misc_feat_tiny, lemuel_flame_loot_1
Depths:2: minmay_spriggan_fort, serial_shops, nicolae_shop_crystal, hell_entry,
          hangedman_decor_clover_reticule, minmay_staircase_statues_hall_large
Depths:3: minmay_smoke_and_mirrors, minmay_staircase_statues, hell_entry,
          abyss_entry, grunt_pan_entry_spiral, serial_co_window_serial,
          co_window_paths_b, co_window_paths_b, co_window_paths_b,
          co_window_cross_1, co_window_of_opportunity_a, co_window_broadway_a,
          co_window_2corner, glass_columns_a, glass_columns_c, glass_columns_a,
          glass_columns_a
Depths:4: cross_vault, lightli_too_deep, abyss_entry
Depths:5: evilmike_zot_entry_diamond, evilmike_ruin_ashenzari,
          pf_hell_entry_tar_river
Abyss:1:  hangedman_classic_abyss_death
Abyss:2:  evilmike_abyss_exit_smiterflies, hangedman_abyss_or_decor_stagger
Abyss:3:  evilmike_abyss_exit_14, nicolae_abyss_rune_containment_breach
Trove:    trove_wands_scrolls
IceCv:    ice_cave_tombish

Action                   |  1- 3 |  4- 6 |  7- 9 | 10-12 | 13-15 | 16-18 | 19-21 | 22-24 | 25-27 || total
-------------------------+-------+-------+-------+-------+-------+-------+-------+-------+-------++-------
Melee: Spear             |   157 |   362 |   218 |       |       |  1639 |  3641 |       |       ||  6017
       Unarmed           |       |     9 |     5 |       |       |       |       |       |       ||    14
       Trident           |       |       |   645 |   136 |   217 |       |       |       |       ||   998
       Halberd           |       |       |       |  1068 |   739 |       |       |       |       ||  1807
       Mace              |       |       |       |    11 |       |       |       |       |       ||    11
       Demon trident     |       |       |       |       |  1494 |  1308 |   521 |  3878 |   748 ||  7949
       Bardiche          |       |       |       |       |       |       |    94 |       |       ||    94
 Fire: Blowgun           |       |       |     5 |       |       |       |       |       |       ||     5
Invok: Call Merchant     |       |       |     1 |     1 |     3 |     3 |     3 |     2 |       ||    13
       Potion Petition   |       |       |     1 |       |     4 |     2 |     4 |     4 |       ||    15
       Bribe Branch      |       |       |       |       |       |       |       |       |     1 ||     1
 Abil: Breathe Sticky Fl |       |       |     9 |     6 |     8 |       |     3 |     8 |     1 ||    35
       Stop Flying       |       |       |       |       |       |       |       |     1 |       ||     1
Evoke: Wand              |       |       |       |     4 |     4 |     4 |       |    16 |     1 ||    29
       Rod               |       |       |       |       |     5 |       |       |       |       ||     5
       Box of beasts     |       |       |       |       |     3 |     5 |     2 |       |       ||    10
       Sack of spiders   |       |       |       |       |     2 |     4 |     4 |       |       ||    10
       Lamp of fire      |       |       |       |       |       |     2 |     2 |     2 |       ||     6
       Deck              |       |       |       |       |       |     1 |     6 |       |       ||     7
  Use: Potion            |       |     3 |     2 |     8 |     7 |     3 |     3 |     5 |     2 ||    33
       Scroll            |       |       |       |    25 |    19 |    11 |    11 |    28 |     2 ||    96
 Stab: Sleeping          |       |     2 |     1 |     9 |    10 |    17 |    16 |    22 |     1 ||    78
       Distracted        |       |       |     3 |    10 |    20 |    48 |    54 |    48 |     7 ||   190
       Fleeing           |       |       |       |       |     1 |       |       |       |       ||     1
       Invisible         |       |       |       |       |    17 |       |       |     8 |       ||    25
  Eat: Chunk             |     3 |     3 |     5 |       |       |       |       |       |       ||    11
       Bread ration      |       |     1 |     2 |     2 |     8 |     5 |     2 |     6 |     1 ||    27
       Pizza             |       |     1 |       |     2 |     1 |       |     2 |     4 |       ||    10
       Meat ration       |       |       |     1 |     1 |     7 |     5 |    11 |     9 |     1 ||    35
       Beef jerky        |       |       |       |     4 |     2 |     1 |     6 |     2 |     1 ||    16
       Royal jelly       |       |       |       |    10 |     4 |    10 |       |       |       ||    24
       Fruit             |       |       |       |     1 |     4 |       |     7 |     7 |     9 ||    28
